 Dungeon Crawl Stone Soup version 0.20-a0-766-g52e1353 (webtiles) character file.

6286 Laan the Cleaver (level 11, -2/89 HPs)
             Began as a Formicid Fighter on Feb 26, 2017.
             Was a Believer of Qazlal.
             Slain by a troll (7 damage)
             ... on level 10 of the Dungeon.
             The game lasted 00:13:57 (7791 turns).

Laan the Cleaver (Formicid Fighter)                 Turns: 7791, Time: 00:13:58

Health: -2/89      AC: 10    Str: 26    XL:     11   Next: 15%
Magic:  11/11      EV:  9    Int:  8    God:    Qazlal [**....]
Gold:   297        SH: 21    Dex: 10    Spells: 10/10 levels left

rFire    . . .     SeeInvis +   a - +0 war axe
rCold    + . .     Gourm    .   D - +2 ring mail {rC+}
rNeg     . . .     Faith    .   L - +0 large shield
rPois    .         Spirit   .   (helmet unavailable)
rElec    .         Reflect  .   C - +0 cloak {MR+}
rCorr    .         Harm     .   e - +0 pair of gloves (curse)
MR       ++...                  (no boots)
Stlth    ..........             (no amulet)
Regen    0.3/turn               (no ring)
MPRegen  0.2/turn               G - +2 ring of strength

@: no status effects
A: permanent stasis, dig shafts and tunnels, four strong arms, antennae 3
a: Dig, Shaft Self, Upheaval, Renounce Religion


You were on level 10 of the Dungeon.
You worshipped Qazlal.
Qazlal was pleased with you.
You were not hungry.

You visited 2 branches of the dungeon, and saw 11 of its levels.
You also visited: Ossuary.

You collected 297 gold pieces.

Inventory:

Hand Weapons
 a - a +0 war axe (weapon)
Armour
 e - a cursed +0 pair of gloves (worn)
 C - a +0 cloak of magic resistance (worn)
 D - a +2 ring mail of cold resistance (worn)
 L - a +0 large shield (worn)
Jewellery
 G - a +2 ring of strength (left hand)
Wands
 b - a wand of confusion (18/48)
 c - a wand of iceblast (8/15)
Scrolls
 i - 2 scrolls of fear {unknown}
 k - 6 scrolls of remove curse {unknown}
 l - a scroll of blinking {unknown}
 o - 4 scrolls of amnesia {unknown}
 p - 2 scrolls of random uselessness {unknown}
 r - 2 scrolls of fog {unknown}
 s - 2 scrolls of immolation {unknown}
 t - a scroll of noise {unknown}
 u - a scroll of magic mapping {unknown}
 v - 6 scrolls of teleportation {unknown}
 w - 9 scrolls of identify {unknown}
 y - a scroll of holy word {unknown}
 E - a scroll of enchant armour {unknown}
 I - a scroll of silence {unknown}
 M - 2 scrolls of enchant weapon {unknown}
Potions
 d - a potion of degeneration {unknown}
 g - a potion of lignification
 h - 3 potions of haste {unknown}
 n - 2 potions of mutation {unknown}
 x - 2 potions of heal wounds
 A - a potion of resistance {unknown}
 B - 4 potions of flight {unknown}
 F - 3 potions of brilliance {unknown}
 H - a potion of cancellation {unknown}
 J - a potion of magic {unknown}
 K - 3 potions of curing
Comestibles
 f - 12 bread rations
 m - 5 royal jellies
 q - 4 meat rations
 z - 5 fruits


   Skills:
 + Level 9.5 Fighting
 * Level 11.3 Axes
 - Level 3.2 Armour
 + Level 10.5 Shields


You had 10 spell levels left.
You didn't know any spells.

Dungeon Overview and Level Annotations

Branches:
Dungeon (10/15)            Temple (1/1) D:5
   Lair: D:8-11         Orc: D:9-12

Altars:
Ashenzari
Cheibriados
Dithmenos
Elyvilon
Fedhas
Gozag
Hepliaklqana
Kikubaaqudgha
Makhleb
Nemelex Xobeh
Okawaru
Qazlal
Ru
Sif Muna
Trog
Uskayaw
Vehumet
Wu Jian
Xom
Yredelemnul
Zin
The Shining One


Innate Abilities, Weirdness & Mutations

You cannot be hasted, slowed, berserked, paralysed or teleported.
You can dig through walls and to a lower floor.
Your four strong arms can wield two-handed weapons with a shield.
You have a pair of large antennae on your head. (SInv)


Message History

You hit the troll.
The troll is heavily wounded.
The troll bites you.
* * * LOW HITPOINT WARNING * * *
You block the troll's attack. x2
You hit the troll.
The troll is heavily wounded.
You block the troll's attack. The troll claws you but does no damage.
The troll claws you.
* * * LOW HITPOINT WARNING * * *
You barely miss the troll.
The troll is heavily wounded.
You block the troll's attack. The troll claws you!
* * * LOW HITPOINT WARNING * * *
The troll claws you.
* * * LOW HITPOINT WARNING * * *
You barely miss the troll.
The troll is heavily wounded.
You block the troll's attack. The troll claws you!
You die...

#########
#.......#
#.#####.# #@#
#.# #...hT.#
#.# #...###.#
#.# ..
#.#####.#####
#...........#
###########.#
#.#
#########.##
...........#


You could see a troll and a hound.

Vanquished Creatures
  3 two-headed ogres
  The ghost of Laan the Skirmisher, a novice GrFi of Qazlal (D:5)
  A troll (D:10)
  A hippogriff (D:7)
  A spriggan (D:7)
  Duvessa (D:6)
  A water moccasin (D:8)
  3 ice beasts
  2 sky beasts
  4 ogres
  3 phantoms
  3 centaurs
  Blork the orc (D:4)
  5 bullfrogs
  Dowan (D:6)
  10 scorpions (Ossuary)
  A howler monkey (D:5)
  3 crimson imps
  5 centaur zombies (Ossuary)
  2 hounds
  2 orc priests
  2 jellies
  Crazy Yiuf (D:7)
  A human zombie (Ossuary)
  2 centaur skeletons
  4 orc wizards
  An iguana (D:4)
  5 worker ants
  2 hound zombies
  A hound skeleton (D:8)
  3 mummies (Ossuary)
  9 adders
  A howler monkey skeleton (D:5)
  4 scorpion zombies (Ossuary)
  A river rat (D:4)
  An ooze (D:1)
  An adder zombie (D:5)
  3 adder skeletons
  A worm (D:2)
  2 dart slugs (D:2)
  10 leopard geckos
  14 orcs
  3 ball pythons (D:4)
  6 bats
  4 giant cockroaches
  A goblin (D:3)
  4 hobgoblins
  4 jackals
  11 kobolds
  3 quokkas
  5 frilled lizards
  2 goblin zombies (Ossuary)
  A kobold zombie (Ossuary)
  An orc zombie (Ossuary)
  11 rats
  2 fungi (D:7)
181 creatures vanquished.

Notes
Turn   | Place    | Note
-------+----------+-------------------------------------------
     0 | D:1      | Laan the Formicid Fighter began the quest for the Orb.
     0 | D:1      | Reached XP level 1. HP: 18/18 MP: 1/1
   153 | D:1      | Reached XP level 2. HP: 24/24 MP: 2/2
   313 | D:1      | Reached XP level 3. HP: 28/29 MP: 3/3
   897 | D:2      | Reached skill level 3 in Axes
  1022 | D:2      | Reached XP level 4. HP: 37/37 MP: 4/4
  1909 | D:4      | Reached XP level 5. HP: 16/42 MP: 5/5
  2184 | D:4      | Noticed an ogre
  2189 | D:4      | HP: 2/42 [ogre/giant club (17)]
  2192 | D:4      | Killed an ogre
  2192 | D:4      | Reached skill level 4 in Axes
  2192 | D:4      | Reached skill level 5 in Shields
  2192 | D:4      | Reached XP level 6. HP: 3/49 MP: 6/6
  2194 | D:4      | HP: 2/49 [hound (2)]
  2522 | D:4      | Noticed Blork the orc
  2534 | D:4      | Killed Blork the orc
  2538 | D:4      | Reached XP level 7. HP: 20/55 MP: 7/7
  2635 | D:4      | Reached skill level 5 in Axes
  3090 | D:4      | Reached skill level 5 in Fighting
  3209 | D:5      | Entered Level 5 of the Dungeon
  3296 | D:5      | Noticed Laan's ghost (novice GrFi)
  3313 | D:5      | Killed Laan's ghost
  3313 | D:5      | Reached skill level 6 in Axes
  3313 | D:5      | Reached XP level 8. HP: 29/64 MP: 8/8
  3500 | D:5      | Found a staircase to the Ecumenical Temple.
  3509 | Temple   | Entered the Ecumenical Temple
  3614 | Temple   | Became a worshipper of Qazlal Stormbringer
  4010 | D:5      | Reached skill level 7 in Axes
  4214 | D:6      | Reached XP level 9. HP: 65/71 MP: 9/9
  4601 | D:6      | Noticed Dowan
  4602 | D:6      | Noticed Duvessa
  4616 | D:6      | Killed Duvessa
  4620 | D:6      | Killed Dowan
  4620 | D:6      | Reached skill level 8 in Axes
  5046 | D:7      | Noticed a hippogriff
  5057 | D:7      | Killed a hippogriff
  5075 | D:7      | Reached * piety under Qazlal
  5497 | D:7      | Found an ancient bone altar of Kikubaaqudgha.
  5559 | D:7      | Reached skill level 9 in Axes
  5606 | D:7      | Found a runed door.
  5610 | D:7      | Noticed Crazy Yiuf
  5622 | D:7      | Killed Crazy Yiuf
  5828 | D:8      | Found a sand-covered staircase.
  5833 | Ossuary  | Entered an ossuary
  5891 | Ossuary  | Reached XP level 10. HP: 80/80 MP: 10/10
  5984 | Ossuary  | Reached ** piety under Qazlal
  6173 | D:8      | Noticed a two-headed ogre
  6215 | D:8      | Killed a two-headed ogre
  6215 | D:8      | Reached skill level 10 in Axes
  7075 | D:9      | Noticed a two-headed ogre
  7090 | D:9      | Killed a two-headed ogre
  7090 | D:9      | Reached skill level 10 in Shields
  7428 | D:9      | Noticed a two-headed ogre
  7441 | D:9      | Killed a two-headed ogre
  7441 | D:9      | Reached skill level 11 in Axes
  7441 | D:9      | Reached XP level 11. HP: 44/89 MP: 11/11
  7734 | D:10     | Entered Level 10 of the Dungeon
  7790 | D:10     | HP: 4/89 [troll (6)]
  7791 | D:10     | Slain by a troll

Vault maps used:
D:1:      dpeg_arrival_refuge
D:2:      first_bread
D:3:      minmay_tree_intersection
D:4:      portal_sewer_entry_e, uniq_blork_the_orc
D:5:      minmay_temple_entry_junction
D:6:      uniq_duvessa
D:7:      lemuel_crystal_altar, the_bakery, uniq_crazy_yiuf_cottage
D:8:      nicolae_ossuary_entry_plus
Temple:   kilobyte_greek_temple
Ossuary:  ossuary_minmay_scorpions

Skill      XL: |  1  2  3  4  5  6  7  8  9 10 |
---------------+-------------------------------+-----
Shields        | 4 5 6 7 8 10 | 10.5
Axes           | 3 4 6 7 9 11 | 11.3
Fighting       | 4 5 6 8 9 |  9.5
Armour         | |  3.2

Action                   |  1- 3 |  4- 6 |  7- 9 | 10-12 || total
-------------------------+-------+-------+-------+-------++-------
Melee: War axe           |    90 |   131 |   330 |   214 ||   765
Evoke: Wand              |       |       |       |     2 ||     2
  Use: Potion            |       |     1 |     4 |     6 ||    11
 Stab: Confused          |       |       |       |     1 ||     1
  Eat: Chunk             |     1 |     3 |    13 |     6 ||    23
Armor: Scale mail        |    39 |    65 |    88 |       ||   192
       Ring mail         |       |       |    13 |    33 ||    46
       Skin              |       |       |     2 |       ||     2
Dodge: Dodged            |    30 |    44 |    97 |    47 ||   218
Block: Shield            |    51 |    81 |   161 |    79 ||   372
       Large shield      |       |       |       |    94 ||    94
